 Dungeon Crawl Stone Soup version 0.19.4-9-g45fd643 (webtiles) character file.

298 Brouzouf the Chopper (level 6, -8/56 HPs)
             Began as a Minotaur Monk on Feb 20, 2017.
             Was an Elder of Qazlal.
             Mangled by Edmund
             ... wielding a +3 flail of protection
              (10 damage)
             ... on level 4 of the Dungeon on Feb 21, 2017.
             The game lasted 00:09:48 (2525 turns).

Brouzouf the Chopper (Minotaur Monk)                Turns: 2525, Time: 00:09:48

Health: -8/56      AC:  5    Str: 18    XL:     6   Next: 13%
Magic:  5/5        EV: 12    Int:  7    God:    Qazlal [****..]
Gold:   228        SH:  9    Dex: 12    Spells: 0 memorised, 5 levels left

rFire  . . .     SeeInvis .     a - +0 hand axe
rCold  . . .     Gourm    .     j - +0 ring mail
rNeg   . . .     Faith    .     (no shield)
rPois  .         Spirit   .     (helmet restricted)
rElec  .         Reflect  +     (no cloak)
rCorr  .         Harm     .     (no gloves)
MR     .....                    (no boots)
Stlth  +.........               e - +4 amulet of reflection
                                (no ring)
                                (no ring)

@: repel missiles
A: retaliatory headbutt, horns 2
a: Upheaval, Elemental Force, Renounce Religion


You were on level 4 of the Dungeon.
You worshipped Qazlal.
Qazlal was greatly pleased with you.
You were near starving.

You visited 1 branch of the dungeon, and saw 4 of its levels.
You also visited: Sewer.

You collected 228 gold pieces.

Inventory:

Hand Weapons
 a - a +0 hand axe (weapon)
 t - a +0 blowgun
 x - a cursed -3 shortbow
Missiles
 o - 9 curare-tipped needles
Armour
 j - a +0 ring mail (worn)
 n - a +0 scale mail
Jewellery
 e - a +4 amulet of reflection (around neck)
Scrolls
 f - 8 scrolls of identify {unknown}
 h - 2 scrolls of blinking {unknown}
 i - a scroll of noise {unknown}
 p - a scroll of fear {unknown}
 r - a scroll of immolation {unknown}
Potions
 b - a potion of degeneration {unknown}
 d - a potion of agility
 g - 3 potions of heal wounds {unknown}
 k - a potion of berserk rage {unknown}
 m - a potion of cancellation {unknown}
 q - 4 potions of might {unknown}
 s - a potion of brilliance {unknown}
 u - 5 potions of curing {unknown}
 v - 3 potions of flight {unknown}
 z - a potion of haste {unknown}
Comestibles
 c - 6 bread rations
 l - 4 meat rations
 w - 4 fruits


   Skills:
 * Level 5.1 Fighting
 * Level 6.8 Axes
 + Level 1.7 Armour
 + Level 3.8 Dodging
 - Level 1.5 Stealth


You had 5 spell levels left.
You didn't know any spells.

Dungeon Overview and Level Annotations

Branches:
Dungeon (4/15)
 Temple: D:4-7

Altars:
Gozag
Hepliaklqana
Qazlal
Trog

Annotations:
D:4 Edmund


Innate Abilities, Weirdness & Mutations

You reflexively headbutt those who attack you in melee.
You have a pair of horns on your head.


Message History

You completely miss Edmund. You headbutt Edmund, but do no damage.
Edmund is almost dead.
Edmund misses you.
You closely miss Edmund.
Edmund is almost dead.
You hit Edmund but do no damage.
Edmund is almost dead.
Edmund says, "I'm quite good with sums, too."
Edmund hits you with a flail of protection.
* * * LOW HITPOINT WARNING * * *
You hit Edmund but do no damage.
Edmund is almost dead.
Edmund misses you.
You hit Edmund but do no damage. You headbutt Edmund, but do no damage.
Edmund is almost dead.
You block Edmund's attack.
You hit Edmund but do no damage.
Edmund is almost dead.
Edmund hits you with a flail of protection!
You die...

#######
#@@...#
###.###.#
#.....#
#.#.###
#.._..#
###.#.#
#.....#
###.###
### #.#
#..


You could see Edmund.

Vanquished Creatures
  A scorpion (D:4)
  An orc wizard (D:3)
  A gnoll (D:1)
  7 adders
  2 river rats (Sewer)
  2 worms
  3 dart slugs
  4 leopard geckos
  5 orcs
  2 giant cockroaches (D:3)
  9 goblins
  10 hobgoblins
  3 jackals (D:1)
  3 quokkas (D:2)
  8 ball pythons
  8 bats
  6 frilled lizards
  21 kobolds
  30 rats
126 creatures vanquished.

Vanquished Creatures (others)
  A hobgoblin (D:1)
1 creature vanquished.

Grand Total: 127 creatures vanquished

Notes
Turn   | Place    | Note
-------+----------+-------------------------------------------
     0 | D:1      | Brouzouf the Minotaur Monk began the quest for the Orb.
     0 | D:1      | Reached XP level 1. HP: 19/19 MP: 0/0
   247 | D:1      | Reached XP level 2. HP: 25/27 MP: 1/1
   305 | D:1      | Reached skill level 4 in Axes
   319 | D:1      | Reached XP level 3. HP: 24/34 MP: 2/2
   752 | D:2      | Found a stormy altar of Qazlal.
   760 | D:2      | Became a worshipper of Qazlal Stormbringer
   760 | D:2      | Reached * piety under Qazlal
   760 | D:2      | Reached ** piety under Qazlal
   837 | D:2      | Reached skill level 5 in Axes
   837 | D:2      | Reached XP level 4. HP: 36/41 MP: 3/3
  1183 | D:3      | Found a glowing drain.
  1204 | Sewer    | Entered a sewer
  1224 | Sewer    | Reached XP level 5. HP: 47/47 MP: 4/4
  1239 | Sewer    | Reached skill level 1 in Armour
  1318 | Sewer    | Reached skill level 6 in Axes
  1319 | Sewer    | Reached *** piety under Qazlal
  1384 | Sewer    | Reached skill level 5 in Fighting
  1933 | D:3      | Found a hazy altar of Hepliaklqana.
  2036 | D:3      | Reached **** piety under Qazlal
  2178 | D:3      | Noticed a moth of wrath
  2181 | D:3      | Found a bloodstained altar of Trog.
  2451 | D:4      | Reached XP level 6. HP: 52/56 MP: 5/5
  2476 | D:4      | Found an opulent altar of Gozag.
  2504 | D:4      | Noticed Edmund
  2522 | D:4      | HP: 2/56 [Edmund/flail of protection (6)]
  2525 | D:4      | Mangled by Edmund

Skill      XL: |  1  2  3  4  5 |
---------------+----------------+-----
Fighting       | 4 5 |  5.1
Axes           | 4 5 6 |  6.8
Armour         | 1 |  1.7
Dodging        | |  3.8
Stealth        | |  1.5

Action                   |  1- 3 |  4- 6 || total
-------------------------+-------+-------++-------
Melee: Hand axe          |    83 |   226 ||   309
       Headbutt          |    14 |    32 ||    46
 Stab: Distracted        |     1 |       ||     1
       Sleeping          |     1 |       ||     1
  Eat: Chunk             |       |     4 ||     4
Armor: Robe              |     7 |       ||     7
       Ring mail         |     3 |    54 ||    57
Dodge: Dodged            |    53 |    87 ||   140
Block: Other             |    16 |    77 ||    93
       Reflection        |       |     3 ||     3
